TOP OF THE 1ST |
Otsego HS Bulldogs batting - Pitching for John Jay HS Patriots : RHP Dave Lee
|
Pitching: RHP Dave Lee
|
|
Batting: RHB Tommy Miller
|
0-0: Swinging Strike 0-1: Ground out 5-3 (Groundball, 56)
|
Batting: LHB Dave Wilkinson
|
0-0: SOLO HOME RUN (Flyball, 89XD), Distance : 422 ft
|
Batting: RHB Robbie Barnes
|
0-0: Foul Ball, location: 2F 0-1: Foul Ball, location: 2F 0-2: Strikes out swinging
|
Batting: RHB Sam Elder
|
0-0: Ball 1-0: Ground out 5-3 (Groundball, 56)
|
Top of the 1st over - 1 run(s), 1 hit(s), 0 error(s), 0 left on base; Otsego HS 1 - John Jay HS 0 |
BOTTOM OF THE 1ST |
John Jay HS Patriots batting - Pitching for Otsego HS Bulldogs : RHP Gordon Long
|
Pitching: RHP Gordon Long
|
|
Batting: RHB Nick Simmons
|
0-0: Called Strike 0-1: Called Strike 0-2: Strikes out swinging
|
Batting: RHB Jeff Benson
|
0-0: Fly out, F7 (Flyball, 78S)
|
Batting: RHB Ronald Cleveland
|
0-0: Ball 1-0: Ball 2-0: Called Strike 2-1: Ground out 5-3 (Groundball, 56S)
|
Bottom of the 1st over - 0 run(s), 0 hit(s), 0 error(s), 0 left on base; Otsego HS 1 - John Jay HS 0 |
TOP OF THE 2ND |
Otsego HS Bulldogs batting - Pitching for John Jay HS Patriots : RHP Dave Lee
|
Batting: LHB Bill Poe
|
0-0: Ball 1-0: Foul Ball, location: 2F 1-1: Ball 2-1: Foul Ball, location: 2F 2-2: Ball 3-2: Base on Balls
|
Batting: RHB Tim Anderson
|
0-0: Swinging Strike 0-1: Called Strike 0-2: Ball 1-2: Ball 2-2: Foul Ball, location: 2F 2-2: Strikes out swinging
|
Batting: RHB Pedro Ayala
|
0-0: Called Strike 0-1: Ball 1-1: Grounds into double play, 5-4-3 (Groundball, 56)
|
Top of the 2nd over - 0 run(s), 0 hit(s), 0 error(s), 0 left on base; Otsego HS 1 - John Jay HS 0 |
BOTTOM OF THE 2ND |
John Jay HS Patriots batting - Pitching for Otsego HS Bulldogs : RHP Gordon Long
|
Batting: SHB Oliver Miles
|
0-0: Ball 1-0: Foul Ball, location: 2F 1-1: Foul Ball, location: 2F 1-2: Ball 2-2: Ball 3-2: SINGLE (Flyball, 8RS)
|
Batting: RHB Weldon Bell
|
0-0: Called Strike 0-1: Foul Ball, location: 2F 0-2: Hit by Pitch Oliver Miles to second
|
Batting: RHB Nick Carter
|
0-0: Ball 1-0: Ball 2-0: Foul Ball, location: 2F 2-1: Ball 3-1: Base on Balls Oliver Miles to third Weldon Bell to second
|
Batting: RHB Broderick Banks
|
0-0: Fly out, F8 (Flyball, 8RD) Runner from 3rd tags up, SCORES, no throw Weldon Bell to third
|
Batting: RHB Dave Hayes
|
0-0: Called Strike 0-1: Ball 1-1: Ball 2-1: Called Strike 2-2: Foul Ball, location: 2F 2-2: Ball 3-2: Base on Balls Nick Carter to second
|
Batting: LHB Norberto Garza
|
0-0: GRAND SLAM HOME RUN (Flyball, 9D), Distance : 380 ft
|
Batting: RHB Nick Simmons
|
0-0: SINGLE (Flyball, 89M)
|
Batting: RHB Jeff Benson
|
0-0: Called Strike 0-1: Ball 1-1: Ball 2-1: SINGLE (Groundball, 34) - runner OUT being hit by batted ball. (infield hit)
|
Batting: RHB Ronald Cleveland
|
0-0: Ball 1-0: Ball 2-0: Ball 3-0: Base on Balls Jeff Benson to second
|
Batting: SHB Oliver Miles
|
0-0: Ball 1-0: Ball 2-0: Called Strike 2-1: 3-RUN HOME RUN (Flyball, 9D), Distance : 391 ft
|
Batting: RHB Weldon Bell
|
0-0: Ball 1-0: Ball 2-0: Foul Ball, location: 2F 2-1: Ball 3-1: Base on Balls
|
Pitching: RHP Clint George
|
|
Batting: RHB Nick Carter
|
Pickoff Throw to First - Out!
|
Bottom of the 2nd over - 8 run(s), 5 hit(s), 0 error(s), 0 left on base; Otsego HS 1 - John Jay HS 8 |
TOP OF THE 3RD |
Otsego HS Bulldogs batting - Pitching for John Jay HS Patriots : RHP Dave Lee
|
Batting: RHB Michael Carr
|
0-0: Ball 1-0: Ball 2-0: Called Strike 2-1: Ground out 4-3 (Groundball, 4)
|
Batting: RHB Dan Miller
|
0-0: Ball 1-0: Fly out, F4 (Line Drive, 4)
|
Batting: RHB Tommy Miller
|
0-0: Swinging Strike 0-1: Ball 1-1: Foul Ball, location: 2F 1-2: Ball 2-2: Foul Ball, location: 2F 2-2: Ball 3-2: Strikes out swinging
|
Top of the 3rd over - 0 run(s), 0 hit(s), 0 error(s), 0 left on base; Otsego HS 1 - John Jay HS 8 |
BOTTOM OF THE 3RD |
John Jay HS Patriots batting - Pitching for Otsego HS Bulldogs : RHP Clint George
|
Batting: RHB Nick Carter
|
0-0: Ball 1-0: SINGLE (Groundball, 56D)
|
Batting: RHB Broderick Banks
|
0-0: Foul Ball, location: 2F 0-1: Ball 1-1: Ball 2-1: Ball 3-1: Foul Ball, location: 2F 3-2: SINGLE (Line Drive, 6MD) Nick Carter to second Nick Carter to third
|
Batting: RHB Dave Hayes
|
0-0: Ball 1-0: Ball 2-0: Called Strike 2-1: Called Strike 2-2: Strikes out swinging
|
Batting: LHB Norberto Garza
|
0-0: Fielders Choice at 2nd, 6-4 (Groundball, 56) Nick Carter scores
|
Batting: RHB Nick Simmons
|
0-0: Ball 1-0: Swinging Strike 1-1: Ball 2-1: DOUBLE (Line Drive, 3D) Norberto Garza to third
|
Batting: RHB Jeff Benson
|
0-0: Ball 1-0: Swinging Strike 1-1: Swinging Strike 1-2: Ball 2-2: Fly out, F8 (Flyball, 8RD)
|
Bottom of the 3rd over - 1 run(s), 3 hit(s), 0 error(s), 2 left on base; Otsego HS 1 - John Jay HS 9 |
TOP OF THE 4TH |
Otsego HS Bulldogs batting - Pitching for John Jay HS Patriots : RHP Dave Lee
|
Batting: LHB Dave Wilkinson
|
0-0: Ball 1-0: Ball 2-0: Ground out U3 (Groundball, 34)
|
Batting: RHB Robbie Barnes
|
0-0: Foul Ball, location: 2F 0-1: Swinging Strike 0-2: Ball 1-2: Ground out 4-3 (Groundball, 4)
|
Batting: RHB Sam Elder
|
0-0: Ball 1-0: Reached on error, E6 (Popup, 6)
|
Batting: LHB Bill Poe
|
0-0: SINGLE (Groundball, 34) (infield hit) Sam Elder to second
|
Batting: RHB Tim Anderson
|
0-0: Ball 1-0: Called Strike 1-1: Swinging Strike 1-2: Strikes out swinging
|
Top of the 4th over - 0 run(s), 1 hit(s), 1 error(s), 2 left on base; Otsego HS 1 - John Jay HS 9 |
BOTTOM OF THE 4TH |
John Jay HS Patriots batting - Pitching for Otsego HS Bulldogs : RHP Clint George
|
Batting: RHB Ronald Cleveland
|
0-0: Called Strike 0-1: Ball 1-1: Foul Ball, location: 2F 1-2: Foul Ball, location: 2F 1-2: SINGLE (Groundball, 3D)
|
Batting: SHB Oliver Miles
|
0-0: Foul Ball, location: 2F 0-1: Foul Ball, location: 2F 0-2: Ball 1-2: Foul Ball, location: 2F 1-2: Foul Ball, location: 2F 1-2: Foul Ball, location: 2F 1-2: Ball 2-2: Foul Ball, location: 2F 2-2: Ball 3-2: Hit by Pitch Ronald Cleveland to second
|
Batting: RHB Weldon Bell
|
0-0: Ball 1-0: Fly out, F8 (Line Drive, 8LM)
|
Batting: RHB Nick Carter
|
0-0: Fly out, F3 (Popup, 3)
|
Batting: RHB Broderick Banks
|
0-0: Ball 1-0: Ball 2-0: Ball 3-0: Called Strike 3-1: Base on Balls Ronald Cleveland to third Oliver Miles to second
|
Batting: RHB Dave Hayes
|
0-0: Called Strike 0-1: Foul Ball, location: 2F 0-2: Ground out 5-3 (Groundball, 56)
|
Bottom of the 4th over - 0 run(s), 1 hit(s), 0 error(s), 3 left on base; Otsego HS 1 - John Jay HS 9 |
TOP OF THE 5TH |
Otsego HS Bulldogs batting - Pitching for John Jay HS Patriots : RHP Dave Lee
|
Batting: RHB Pedro Ayala
|
0-0: Reached on error, E6 (Groundball, 6)
|
Batting: RHB Michael Carr
|
0-0: SINGLE (Line Drive, 34D) Pedro Ayala to second
|
Batting: RHB Dan Miller
|
0-0: SINGLE (Groundball, 5S) (infield hit) Pedro Ayala to third Michael Carr to second
|
Batting: RHB Tommy Miller
|
0-0: Called Strike 0-1: Called Strike 0-2: Ball 1-2: SINGLE (Line Drive, 6M) Pedro Ayala scores Michael Carr to third Dan Miller to second
|
Batting: LHB Dave Wilkinson
|
0-0: Ball 1-0: Swinging Strike 1-1: Foul Ball, location: 2F 1-2: SINGLE (Flyball, 78S) Michael Carr scores Dan Miller to third Tommy Miller to second
|
Batting: RHB Robbie Barnes
|
0-0: Ball 1-0: Ball 2-0: Grounds into double play, 4-6-3 (Groundball, 4) Dan Miller scores Tommy Miller to third
|
Batting: RHB Sam Elder
|
0-0: Ground out 4-3 (Groundball, 4M)
|
Top of the 5th over - 3 run(s), 4 hit(s), 1 error(s), 1 left on base; Otsego HS 4 - John Jay HS 9 |
BOTTOM OF THE 5TH |
John Jay HS Patriots batting - Pitching for Otsego HS Bulldogs : RHP Clint George
|
Batting: LHB Norberto Garza
|
0-0: Called Strike 0-1: Ball 1-1: Ball 2-1: Ball 3-1: Ground out 6-3 (Groundball, 6)
|
Pitching: RHP P.J. Pittman
|
|
Batting: RHB Nick Simmons
|
0-0: Ball 1-0: Called Strike 1-1: Called Strike 1-2: Fly out, F6 (Popup, 5D)
|
Batting: RHB Jeff Benson
|
0-0: Called Strike 0-1: Ground out 6-3 (Groundball, 6M)
|
Bottom of the 5th over - 0 run(s), 0 hit(s), 0 error(s), 0 left on base; Otsego HS 4 - John Jay HS 9 |
TOP OF THE 6TH |
Otsego HS Bulldogs batting - Pitching for John Jay HS Patriots : RHP Dave Lee
|
Batting: LHB Bill Poe
|
0-0: Ball 1-0: Ball 2-0: Fly out, F7 (Flyball, 7)
|
Batting: RHB Tim Anderson
|
0-0: Foul Ball, location: 2F 0-1: Swinging Strike 0-2: Ball 1-2: Ball 2-2: Fly out, F6 (Line Drive, 6M)
|
Batting: RHB Pedro Ayala
|
0-0: Ball 1-0: Fly out, F9 (Flyball, 9LSF)
|
Top of the 6th over - 0 run(s), 0 hit(s), 0 error(s), 0 left on base; Otsego HS 4 - John Jay HS 9 |
BOTTOM OF THE 6TH |
John Jay HS Patriots batting - Pitching for Otsego HS Bulldogs : RHP P.J. Pittman
|
Batting: RHB Ronald Cleveland
|
0-0: Ball 1-0: Swinging Strike 1-1: Called Strike 1-2: Ball 2-2: SINGLE (Line Drive, 89M)
|
Batting: SHB Oliver Miles
|
0-0: Called Strike 0-1: Ball 1-1: Ball 2-1: Swinging Strike 2-2: Ball 3-2: Fly out, F8 (Flyball, 8LM)
|
Batting: RHB Weldon Bell
|
0-0: Called Strike 0-1: Swinging Strike 0-2: Foul Ball, location: 2F 0-2: Strikes out swinging
|
Batting: RHB Nick Carter
|
0-0: Ball 1-0: Ball 2-0: Foul Ball, location: 2F 2-1: Called Strike 2-2: SINGLE (Groundball, 56) (infield hit) Ronald Cleveland to second
|
Batting: RHB Broderick Banks
|
0-0: Called Strike 0-1: Swinging Strike 0-2: Strikes out swinging
|
Bottom of the 6th over - 0 run(s), 2 hit(s), 0 error(s), 2 left on base; Otsego HS 4 - John Jay HS 9 |
TOP OF THE 7TH |
Otsego HS Bulldogs batting - Pitching for John Jay HS Patriots : RHP Dave Lee
|
Batting: RHB Michael Carr
|
0-0: Ball 1-0: Ball 2-0: Ball 3-0: Base on Balls
|
Batting: RHB Dan Miller
|
0-0: Called Strike 0-1: Ball 1-1: SINGLE (Flyball, 7S) Michael Carr to second
|
Pitching: RHP John Dukes
|
|
Batting: RHB Tommy Miller
|
0-0: Called Strike 0-1: Foul Ball, location: 2F 0-2: Ball 1-2: Ball 2-2: SINGLE (Groundball, 6D) Michael Carr to third Dan Miller to second Throwing error, E7 Michael Carr scores Dan Miller to third Tommy Miller to second
|
Batting: LHB Dave Wilkinson
|
0-0: Called Strike 0-1: Ball 1-1: Called Strike 1-2: Foul Ball, location: 2F 1-2: Foul Ball, location: 2F 1-2: Fly out, F9 (Line Drive, 89M) Runner from 3rd tags up, SCORES, no throw
|
Batting: RHB Robbie Barnes
|
0-0: Ball 1-0: Called Strike 1-1: Fly out, F4 (Line Drive, 34D)
|
Batting: RHB Sam Elder
|
0-0: Called Strike 0-1: Hit by Pitch
|
Batting: LHB Bill Poe
|
0-0: Ball 1-0: Ball 2-0: SINGLE (Flyball, 8LS) Tommy Miller to third Sam Elder to second Runner from 3rd tries for Home, SAFE, no throw
|
Batting: RHB Tim Anderson
|
0-0: Ball 1-0: Called Strike 1-1: Foul Ball, location: 2F 1-2: Ball 2-2: Strikes out swinging
|
Top of the 7th over - 3 run(s), 3 hit(s), 1 error(s), 2 left on base; Otsego HS 7 - John Jay HS 9 |
BOTTOM OF THE 7TH |
John Jay HS Patriots batting - Pitching for Otsego HS Bulldogs : RHP P.J. Pittman
|
Batting: RHB Dave Hayes
|
0-0: Swinging Strike 0-1: Foul Ball, location: 2F 0-2: Strikes out swinging
|
Batting: LHB Norberto Garza
|
0-0: Ball 1-0: Called Strike 1-1: Ball 2-1: Ball 3-1: Foul Ball, location: 2F 3-2: Base on Balls
|
Batting: RHB Nick Simmons
|
0-0: Grounds into double play, 4-6-3 (Groundball, 4)
|
Bottom of the 7th over - 0 run(s), 0 hit(s), 0 error(s), 0 left on base; Otsego HS 7 - John Jay HS 9 |
TOP OF THE 8TH |
Otsego HS Bulldogs batting - Pitching for John Jay HS Patriots : RHP John Dukes
|
Batting: RHB Pedro Ayala
|
0-0: Foul Ball, location: 2F 0-1: Ball 1-1: Foul Ball, location: 2F 1-2: Strikes out looking
|
Batting: RHB Michael Carr
|
0-0: Called Strike 0-1: Ball 1-1: Ball 2-1: Foul Ball, location: 2F 2-2: Strikes out swinging
|
Batting: RHB Dan Miller
|
0-0: Ball 1-0: SINGLE (Line Drive, 9LS)
|
Batting: RHB Tommy Miller
|
0-0: SINGLE (Groundball, 6MD) Dan Miller to second
|
Pitching: LHP César Román
|
|
Batting: LHB Dave Wilkinson
|
0-0: Ball 1-0: Ball 2-0: Ball 3-0: Called Strike 3-1: DOUBLE (Line Drive, 7LS) Dan Miller scores Tommy Miller to third
|
Pitching: RHP José Ramírez
|
|
Batting: RHB Robbie Barnes
|
0-0: Foul Ball, location: 2F 0-1: Swinging Strike 0-2: Foul Ball, location: 2F 0-2: Reached on error, E4 (Groundball, 4) Tommy Miller scores Dave Wilkinson scores
|
Batting: RHB Sam Elder
|
0-0: Swinging Strike 0-1: Foul Ball, location: 2F 0-2: Fly out, F8 (Flyball, 8RM)
|
Top of the 8th over - 3 run(s), 3 hit(s), 1 error(s), 1 left on base; Otsego HS 10 - John Jay HS 9 |
BOTTOM OF THE 8TH |
John Jay HS Patriots batting - Pitching for Otsego HS Bulldogs : RHP P.J. Pittman
|
Now at 2B: Miguel Vega
|
|
Now in LF: Mike Tate
|
|
Batting: RHB Jeff Benson
|
0-0: Swinging Strike 0-1: SINGLE (Line Drive, 56D)
|
Batting: RHB Ronald Cleveland
|
0-0: Ball 1-0: Called Strike 1-1: SINGLE (Flyball, 8LS) Jeff Benson to second
|
Pitching: LHP Bob Hill
|
|
Batting: SHB Oliver Miles
|
0-0: Fielders Choice at 2nd, 6-4 (Groundball, 56) Jeff Benson to third
|
Pitching: RHP Russell Rose
|
|
Batting: RHB Weldon Bell
|
0-0: SINGLE (Groundball, 6MD) Jeff Benson scores Oliver Miles to second
|
Batting: RHB Nick Carter
|
0-0: SINGLE (Line Drive, 4M) Oliver Miles to third Weldon Bell to second
|
Batting: RHB Broderick Banks
|
0-0: Called Strike 0-1: Grounds into fielders choice 6-2 (Groundball, 6) Weldon Bell to third Nick Carter to second
|
Batting: RHB Dave Hayes
|
0-0: Swinging Strike 0-1: Ball 1-1: Swinging Strike 1-2: Ball 2-2: Foul Ball, location: 2F 2-2: Ball 3-2: Base on Balls Weldon Bell scores Nick Carter to third Broderick Banks to second
|
Batting: LHB Norberto Garza
|
0-0: Ball 1-0: Ball 2-0: Called Strike 2-1: Foul Ball, location: 2F 2-2: SINGLE (Flyball, 8LS) Nick Carter scores Broderick Banks to third Dave Hayes to second
|
Pitching: LHP Jesús Muñíz
|
|
Batting: RHB Nick Simmons
|
0-0: Ball 1-0: Called Strike 1-1: Called Strike 1-2: SINGLE (Line Drive, 89S) Broderick Banks scores Dave Hayes to third Norberto Garza to second Runner from 3rd tries for Home, SAFE, no throw
|
Batting: RHB Jeff Benson
|
0-0: Ball 1-0: Ball 2-0: Ball 3-0: Base on Balls Norberto Garza to third Nick Simmons to second
|
Batting: RHB Ronald Cleveland
|
0-0: Foul Ball, location: 2F 0-1: Ball 1-1: Ball 2-1: Foul Ball, location: 2F 2-2: Strikes out swinging
|
Bottom of the 8th over - 5 run(s), 6 hit(s), 0 error(s), 3 left on base; Otsego HS 10 - John Jay HS 14 |
TOP OF THE 9TH |
Otsego HS Bulldogs batting - Pitching for John Jay HS Patriots : RHP José Ramírez
|
Batting: LHB Bill Poe
|
0-0: Ball 1-0: Ball 2-0: Called Strike 2-1: Fly out, F5 (Popup, 5D)
|
Batting: RHB Tim Anderson
|
0-0: Ground out 4-3 (Groundball, 4)
|
Batting: RHB Pedro Ayala
|
0-0: Called Strike 0-1: Ball 1-1: SINGLE (Groundball, 56D)
|
Batting: RHB Michael Carr
|
0-0: Ball 1-0: SINGLE (Flyball, 8RS) Pedro Ayala to second Runner from 2nd tries for 3rd, SAFE, throw made to third
|
Pitching: LHP Steve O'Farrell
|
|
Batting: RHB Dan Miller
|
0-0: Ball 1-0: SINGLE (Flyball, 9LS) Pedro Ayala scores Michael Carr to second Runner from 2nd tries for 3rd, SAFE, no throw
|
Batting: RHB Miguel Vega
|
0-0: Ball 1-0: Called Strike 1-1: Foul Ball, location: 2F 1-2: Ball 2-2: SINGLE (Line Drive, 6) Michael Carr scores Dan Miller to second
|
Batting: RHB Mike Tate
|
0-0: Ball 1-0: Foul Ball, location: 2F 1-1: SINGLE (Groundball, 4D) Dan Miller to third Miguel Vega to second Runner from 3rd tries for Home, SAFE, no throw
|
Batting: RHB Robbie Barnes
|
0-0: Ball 1-0: Ball 2-0: Swinging Strike 2-1: Foul Ball, location: 2F 2-2: Foul Ball, location: 2F 2-2: Ball 3-2: Strikes out swinging
|
Top of the 9th over - 3 run(s), 5 hit(s), 0 error(s), 2 left on base; Otsego HS 13 - John Jay HS 14 |
|